 Dungeon Crawl Stone Soup version 0.21.1-1-g345015f (webtiles) character file.

41 RudyRod the Skirmisher (level 3, 0/34 HPs)
             Began as a Naga Fighter on May 2, 2018.
             Succumbed to an adder's poison
             ... on level 2 of the Dungeon.
             The game lasted 00:03:20 (1278 turns).

RudyRod the Skirmisher (Naga Fighter)               Turns: 1278, Time: 00:03:21

Health: 0/34       AC:  4    Str: 19    XL:     3   Next: 52%
Magic:  3/3        EV:  5    Int:  8    God:
Gold:   18         SH:  8    Dex: 10    Spells: 2/2 levels left

rFire    . . .     SeeInvis +   a - +0 long sword
rCold    . . .     Gourm    .   c - +0 shield
rNeg     . . .     Faith    .   b - +0 scale mail
rPois    +         Spirit   .   (no helmet)
rElec    .         Reflect  .   (no cloak)
rCorr    .         Harm     .   (no gloves)
MR       .....                  (no barding)
Stlth    ..........             (no amulet)
HPRegen  0.11/turn              e - ring of flight
MPRegen  0.08/turn              (no ring)

@: lethally poisoned (0 -> -4), hasted, quick
A: large, see invisible, deformed body, poison resistance, slowness 2, slow
metabolism 1, spit poison 1, AC +1
a: Spit Poison, Evoke Flight


You were on level 2 of the Dungeon.
You were not hungry.

You visited 1 branch of the dungeon, and saw 2 of its levels.

You collected 18 gold pieces.

Inventory:

Hand Weapons
 a - a +0 long sword (weapon)
Armour
 b - a +0 scale mail (worn)
 c - a +0 shield (worn)
Jewellery
 e - a ring of flight (left hand)
Scrolls
 g - 2 scrolls of identify {unknown}
 j - a scroll of amnesia {unknown}
 l - a scroll of fog {unknown}
 n - a scroll of noise {unknown}
Potions
 d - a potion of might
 h - a potion of flight {unknown}
 i - a potion of degeneration {unknown}
 m - a potion of haste
 o - a potion of cancellation {unknown}
 p - a potion of heal wounds {unknown}
 q - 2 potions of mutation {unknown}
Comestibles
 f - 4 rations
 k - a chunk of flesh


   Skills:
 + Level 3.3 Fighting
 + Level 2.6 Long Blades
 + Level 2.7 Armour
 + Level 0.2 Dodging
 * Level 1.4 Stealth
 + Level 2.5 Shields


You had 2 spell levels left.
You didn't know any spells.

Dungeon Overview and Level Annotations

Branches:
Dungeon (2/15)

Altars:
Wu Jian


Innate Abilities, Weirdness & Mutations

You cannot wear boots.
Your serpentine skin is tough. (AC +1)
You have supernaturally acute eyesight. (SInv)
Armour fits poorly on your strangely shaped body.
Your system is resistant to poisons. (rPois)
You cover ground very slowly.
You have a slow metabolism.
You can spit poison.


Message History

* * * LOW HITPOINT WARNING * * *
You miss the adder.
The adder is almost dead.
You feel sick. The adder bites you.
* * * LOW HITPOINT WARNING * * *
The kobold hits you.
* * * LOW HITPOINT WARNING * * *
You closely miss the adder.
The adder is almost dead.
* * * LOW HITPOINT WARNING * * *
You feel sick. You block the adder's attack. The kobold hits you.
* * * LOW HITPOINT WARNING * * *
The adder bites you but does no damage.
You miss the adder.
The adder is almost dead.
You block the adder's attack. The kobold completely misses you.
The adder bites you but does no damage.
Unknown command.
It was a potion of haste.
You feel yourself speed up.
You die...

...................#....!.
............<..##........ ..
......... .....#........
###.##....... #.......# ..
............#####..##...#....
........###.....#.#..(.......
............)....K..(........
..........#.K##.#.#..........
..........##@Srg#.#..<.......
..........#######............
..........##### #########....
.......<........ ....
################ ###


You could see an adder, a goblin, a kobold and a rat.

Vanquished Creatures
  A dart slug (D:1)
  3 leopard geckos
  2 giant cockroaches (D:1)
  3 goblins (D:1)
  7 hobgoblins
  2 jackals (D:1)
  2 kobolds (D:1)
  A ball python (D:1)
  4 bats (D:1)
  3 frilled lizards
  6 rats
34 creatures vanquished.

Notes
Turn   | Place    | Note
-------+----------+-------------------------------------------
     0 | D:1      | RudyRod the Naga Fighter began the quest for the Orb.
     0 | D:1      | Reached XP level 1. HP: 21/21 MP: 1/1
   133 | D:1      | Reached XP level 2. HP: 23/28 MP: 2/2
   142 | D:1      | Reached skill level 1 in Stealth
   826 | D:1      | Reached XP level 3. HP: 34/34 MP: 3/3
  1228 | D:2      | Found an ornate altar of the Wu Jian Council.
  1276 | D:2      | HP: 1/34 [kobold (1)]
  1278 | D:2      | Succumbed to an adder's poison

Skill      XL: |  1  2 |
---------------+-------+-----
Stealth        | 1 |  1.4
Fighting       | |  3.3
Long Blades    | |  2.6
Armour         | |  2.7
Dodging        | |  0.2
Shields        | |  2.5

Action                   || total
-------------------------++-------
Melee: Long sword        ||   121
 Abil: Spit Poison       ||     3
  Use: Potion            ||     1
  Eat: Chunk             ||     1
Armor: Scale mail        ||    82
Dodge: Dodged            ||    32
Block: Shield            ||    75
       Rpst.: Long sword ||     7
